 Dungeon Crawl Stone Soup version 0.30.1-3-gfc49f6343a (webtiles) character file.

Game seed: 8022795656432773622

532 spardeous the Conjurer (level 6, -5/45 HPs)
             Began as a Demigod Conjurer on Aug 5, 2023.
             Slain by a hornet (7 damage)
             ... on level 5 of the Dungeon.
             The game lasted 00:03:33 (4521 turns).

spardeous the Conjurer (Demigod Conjurer)           Turns: 4521, Time: 00:03:34

Health: -5/45      AC:  3    Str:  8    XL:     6   Next: 73%
Magic:  10/16      EV: 12    Int: 28    God:
Gold:   159        SH:  0    Dex: 12    Spells: 7/14 levels left

rFire   . . .        y - +0 morningstar
rCold   . . .        (no shield)
rNeg    . . .        a - +0 robe
rPois   .            t - +0 helmet
rElec   .            (no cloak)
rCorr   .            (no gloves)
SInv    .            (no boots)
Will    .....        (no amulet)
Stlth   ++           (no ring)
HPRegen 0.27/turn    (no ring)
MPRegen 0.15/turn

%: no passive effects
@: lethally poisoned (-5 -> -8), slowed, very slow
A: high MP 1, forlorn, divine attributes
a: no special abilities


You were on level 5 of the Dungeon.
You visited 1 branch of the dungeon, and saw 5 of its levels.

You collected 159 gold pieces.

Inventory:

Hand Weapons
 y - a +0 morningstar (weapon)
Missiles
 o - 2 throwing nets
Armour
 a - a +0 robe (worn)
 l - a +0 chain mail
 t - a +0 helmet (worn)
Jewellery
 s - an amulet of guardian spirit
Wands
 r - a wand of acid (9)
 x - a wand of polymorph (7)
 A - a wand of charming (12)
Scrolls
 f - 7 scrolls of identify {unknown}
 i - a scroll of poison {unknown}
 j - 3 scrolls of teleportation {unknown}
 n - a scroll of noise {unknown}
 p - a scroll of amnesia {unknown}
 q - a scroll of fear {unknown}
 u - 3 scrolls of enchant armour {unknown}
 v - a scroll of magic mapping {unknown}
 w - 2 scrolls of fog {unknown}
Potions
 b - a potion of magic
 c - 2 potions of mutation {unknown}
 d - 3 potions of degeneration {unknown}
 e - a potion of flight {unknown}
 g - 3 potions of brilliance {unknown}
 h - a potion of lignification {unknown}
 k - 4 potions of heal wounds {unknown}
 m - 2 potions of ambrosia {unknown}
 z - a potion of might {unknown}


   Skills:
 - Level 1.7 Dodging
 - Level 1.7 Stealth
 + Level 4.7 Spellcasting
 + Level 6.0 Conjurations


You had 7 spell levels left.
You knew the following spells:

 Your Spells              Type           Power      Damage    Failure   Level
a - Magic Dart            Conj           100%       1d8       1%          1
b - Searing Ray           Conj           80%        2d7       1%          2
c - Iskenderun's Mystic   Conj/Tloc      23%        2d6       21%         4

Your spell library contained the following spells:

 Spells                   Type           Power      Damage    Failure   Level
 Dazzling Flash           Conj/Hex       46%        N/A       6%          3
 Volatile Blastmotes      Fire/Tloc      12%        2d11      21%         3
 Fulminant Prism          Conj/Hex       11%        3d8       21%         4
 Starburst                Conj/Fire      11%        6d5       97%         6


Dungeon Overview and Level Annotations

Branches:
Dungeon (5/15)
 Temple: D:4-7

Annotations:
D:4 3 runed translucent doors, Kranky's ghost, amateur MiBe


Innate Abilities, Weirdness & Mutations

You have an increased reservoir of magic. (+10% MP)
You shall have no god before yourself.
Your divine heritage dramatically boosts your attributes as you level up.


Message History

The searing ray hits the hornet!
The hornet is moderately wounded.
The searing ray hits the iguana!
The iguana is almost dead. (Press . to maintain the ray.)
You now have 13/16 mp.
The searing ray hits the hornet.
The hornet is moderately wounded.
The searing ray misses the iguana.
The hornet stings you!
You are poisoned.
You feel yourself slow down.
You take 8 damage, and have 37/45 hp.
You now have 12/16 mp.
The searing ray hits the hornet.
The hornet is heavily wounded.
The searing ray hits the iguana.
You kill the iguana!
You feel very sick. The hornet stings you!
You feel as though you will be slow longer.
The hornet barely misses you.
You take 12 damage, and have 25/45 hp.
MASSIVE DAMAGE!!
Casting: Searing Ray (safe; 1% risk of failure)
Confirm with . or Enter, or press ? or * to list all spells.
Restarting spell: Searing Ray (safe; 1% risk of failure)
Press: ? - help, Shift-Dir - straight line, f - hornet
Aim: a hornet (heavily wounded, 73% to hit)
The searing ray hits the hornet!
The hornet is severely wounded. (Press . to maintain the ray.)
You feel very sick. The hornet closely misses you. The hornet stings you!
* * * LOW HITPOINT WARNING * * *
You suddenly lose the ability to move!
The hornet stings you!
* * * LOW HITPOINT WARNING * * *
You feel as though you will be slow longer.
You can move again.
You take 21 damage, and have 4/45 hp.
MASSIVE DAMAGE!!
You now have 10/16 mp.
* * * LOW HITPOINT WARNING * * *
You feel sick. The hornet stings you!
You die...

...........#
#.........#
#...ly....#
#.........#
.#####.........#
.........####.##
########.# #†# #.#
#y# ######### #.#
#@# ..<<....#
#.####.# #######.#
#....#.# #.#
####.#.# #.#
#.#.#####.# #.#
#..#†.....#
#.########.#######
#..........#
############


You could see a hornet.

Vanquished Creatures
  A black bear (D:4)
  A phantom (D:4)
  4 crimson imps (D:3)
  2 hounds
  An iguana (D:5)
  5 adders
  2 worms
  2 dart slugs
  9 orcs
  9 ball pythons
  8 endoplasms
  2 giant cockroaches (D:4)
  11 goblins
  8 hobgoblins
  2 jackals (D:1)
  3 quokkas
  2 bats
  A frilled lizard (D:1)
  6 kobolds
  7 rats
86 creatures vanquished.

Notes
Turn   | Place    | Note
-------+----------+-------------------------------------------
     0 | D:1      | spardeous the Demigod Conjurer began the quest for the Orb.
     0 | D:1      | Reached XP level 1. HP: 14/14 MP: 5/5
   515 | D:1      | Reached XP level 2. HP: 20/20 MP: 4/7
   685 | D:1      | Reached skill level 4 in Conjurations
  1318 | D:2      | Reached XP level 3. HP: 26/26 MP: 4/9
  1433 | D:1      | Learned a level 2 spell: Searing Ray
  2400 | D:3      | Reached XP level 4. HP: 31/33 MP: 0/11
  2596 | D:3      | Reached skill level 5 in Conjurations
  2596 | D:3      | Reached XP level 5. HP: 38/38 MP: 7/13
  2767 | D:3      | Identified the +0 mace of the Wary Lives {spect, Dex-4 SInv
                  | Stlth+}
  3132 | D:3      | Learned a level 4 spell: Iskenderun's Mystic Blast
  3683 | D:4      | Reached XP level 6. HP: 29/45 MP: 3/15
  3840 | D:4      | Found a runed translucent gate.
  3841 | D:4      | Found a runed translucent gate.
  3841 | D:4      | Found a runed translucent gate.
  3843 | D:4      | Noticed Kranky's ghost (amateur MiBe)
  4409 | D:5      | Entered Level 5 of the Dungeon
  4445 | D:5      | Reached skill level 6 in Conjurations
  4509 | D:5      | Noticed a hornet
  4520 | D:5      | Paralysed by a hornet for 1 turns
  4521 | D:5      | HP: 2/45 [poisoned by a hornet]
  4521 | D:5      | Slain by a hornet

Illustrated notes

Levels and vault maps discovered:
D:1:      dreamdust_arrival_sigmund_warning, layout_basic
D:2:      layout_rooms
D:3:      layout_basic, beargit_hepliaklqana_dungeon_heroes, led_xom_imps,
          nicolae_overflow_two_pavilions
D:4:      layout_loops_cross, lemuel_round_altar, ebering_ghost_gozag,
          moated_statue
D:5:      layout_loops_ring

Skill      XL: |  1  2  3  4  5  6 |
---------------+-------------------+-----
Spellcasting   | 2 3 4 |  4.7
Conjurations   | 4 5 6 |  6.0
Dodging        | |  1.7
Stealth        | |  1.7

Action                     |  1- 3 |  4- 6 || total
---------------------------+-------+-------++-------
  Melee: Unarmed           |     1 |       ||     1
         Morningstar       |       |     9 ||     9
         Punch             |       |     1 ||     1
   Cast: Magic Dart        |    98 |    76 ||   174
         Searing Ray       |     8 |    10 ||    18
 Armour: Robe              |     1 |     6 ||     7
  Dodge: Dodged            |    19 |    49 ||    68
